 Dungeon Crawl Stone Soup version 0.22.1-2-g9c5b331 (webtiles) character file.

95 Gearfox the Cutter (level 4, -4/28 HPs)
             Began as a Kobold Berserker on Dec 7, 2018.
             Was a Follower of Trog.
             Killed by divine providence
             ... invoked by an orc priest
              (8 damage)
             ... on level 3 of the Dungeon.
             The game lasted 00:05:46 (2218 turns).

Gearfox the Cutter (Kobold Berserker)               Turns: 2218, Time: 00:05:47

Health: -4/28      AC:  3    Str: 15    XL:     4   Next: 95%
Magic:  4/4        EV: 15    Int:  8    God:    Trog [*.....]
Gold:   40         SH:  0    Dex: 14    Spells: 3/3 levels left

rFire    . . .     SeeInvis .   a - +0 short sword
rCold    . . .     Gourm    .   (shield restricted)
rNeg     . . .     Faith    .   b - +1 animal skin
rPois    .         Spirit   .   (no helmet)
rElec    .         Reflect  .   (no cloak)
rCorr    .         Harm     .   (no gloves)
MR       .....                  (no boots)
Stlth    ++........             (no amulet)
HPRegen  0.09/turn              (no ring)
MPRegen  0.09/turn              (no ring)

@: berserk cooldown, slowed, very slow
A: small, carnivore
a: Berserk, Renounce Religion


You were on level 3 of the Dungeon.
You worshipped Trog.
Trog was aware of your devotion.
You were full.

You visited 1 branch of the dungeon, and saw 3 of its levels.

You collected 40 gold pieces.

Inventory:

Hand Weapons
 a - a +0 short sword (weapon)
Missiles
 j - 69 arrows
Armour
 b - a +1 animal skin (worn)
 f - a +1 hat
 i - a +0 scale mail of magic resistance
Jewellery
 g - an uncursed ring of resist corrosion {unknown}
 h - an uncursed ring of ice {unknown}
Potions
 d - a potion of flight
 e - a potion of degeneration {unknown}
 k - a potion of curing {unknown}
 l - a potion of haste {unknown}
Comestibles
 c - 2 rations


   Skills:
 - Level 3.2 Fighting
 * Level 6.3 Short Blades
 - Level 1.5 Armour
 - Level 2.4 Dodging
 * Level 2.9 Stealth


You had 3 spell levels left.
You didn't know any spells.
Your spell library was empty.

Dungeon Overview and Level Annotations

Branches:
Dungeon (3/15)

Altars:


Innate Abilities, Weirdness & Mutations

You are small and have problems with some larger weapons.
You are carnivorous and can eat meat at any time.


Message History

The orc priest closely misses you.
You hit the orc priest but do no damage.
The orc priest hits you with a dagger.
You completely miss the orc priest.
The orc priest calls upon Beogh to heal something.
You barely miss the orc priest.
The orc priest mumbles some strange prayers to Beogh against you.
Pain shoots through your body!
* * * LOW HITPOINT WARNING * * *
You hit the orc priest.
The orc priest is lightly wounded.
You hit the rat but do no damage. The orc priest hits you with a dagger.
* * * LOW HITPOINT WARNING * * *
The rat misses you.
You hit the rat.
You kill the rat!
Trog accepts your kill.
The orc priest calls down the wrath of Beogh upon you.
Beogh smites you!
You die...

####### #.....#
#.....#
############....o###
................@..#
##################o###
... .......).o...+ ###
###.#######.## . .# .
.# .. .. .. #. .. ..


You could see an orc priest and an orc wizard.

Vanquished Creatures
  An orc wizard (D:3)
  Terence (D:2)
  An adder (D:2)
  A worm (D:2)
  2 dart slugs (D:1)
  4 bats
  A giant cockroach (D:1)
  3 goblins
  3 hobgoblins (D:2)
  4 kobolds
  A quokka (D:2)
  2 frilled lizards
  5 rats
29 creatures vanquished.

Notes
Turn   | Place    | Note
-------+----------+-------------------------------------------
     0 | D:1      | Gearfox the Kobold Berserker began the quest for the Orb.
     0 | D:1      | Reached XP level 1. HP: 14/14 MP: 1/1
   295 | D:1      | Reached XP level 2. HP: 14/19 MP: 2/2
   397 | D:1      | Reached skill level 1 in Stealth
  1207 | D:2      | Reached skill level 5 in Short Blades
  1216 | D:2      | Reached XP level 3. HP: 11/23 MP: 3/3
  1568 | D:2      | Noticed Terence
  1581 | D:2      | Killed Terence
  1582 | D:2      | Reached XP level 4. HP: 28/28 MP: 4/4
  2190 | D:3      | Reached skill level 6 in Short Blades
  2218 | D:3      | Killed from afar by an orc priest

Skill      XL: |  1  2  3  4 |
---------------+-------------+-----
Stealth        | 1 2 |  2.9
Short Blades   | 5 6 |  6.3
Fighting       | |  3.2
Armour         | |  1.5
Dodging        | |  2.4

Action                   |  1- 3 |  4- 6 || total
-------------------------+-------+-------++-------
Melee: Short sword       |    65 |    54 ||   119
Invok: Berserk           |     1 |     1 ||     2
  Use: Scroll            |     4 |     3 ||     7
 Stab: Sleeping          |     3 |       ||     3
  Eat: Chunk             |    10 |       ||    10
Armor: Animal skin       |    15 |     5 ||    20
Dodge: Dodged            |    44 |    49 ||    93
